cohdb
Replays
Latest Replays
All Replays
Popular Replays
Top Player Replays
Match Explorer
How It Works
Community
CoH3 Stats
Reddit
Sign in to upload your games and track your stats! →
Sign in with Steam
Match 39010754
Unlisted
Match 39010754
Overview
Messages
Build Orders
End
Selects Breakthrough Battlegroup
Construct Infanterie Kompanie
Grenadier Squad
MG 42 Machine Gun Team
Grenadier Squad
GrW 34 Mortar Team
Selects Assault Grenadiers
Construct Luftwaffe Kompanie
Jäger Squad
Support Elements
Flak 30 Anti-aircraft Gun Team
Kettenkrad Recon Vehicle
Marder III M Tank Destroyer
Jäger Squad
Selects Rapid Production
Selects Blitzkrieg
Medical Station
Construct Panzer Kompanie
Stoßtruppen Squad
Stoßtruppen Squad
Stoßtruppen Squad
Blitzkrieg
Selects Tiger Heavy Tank
Tiger Heavy Tank
Blitzkrieg
CommissarJuriSprite
Bobex
Bruistablet
Professor gibberish
0
0
Comments
sign in to comment!
No comments posted yet!